 Dungeon Crawl Stone Soup version 0.28-a0-1206-g193881aaa2 (webtiles) character file.

Game seed: 17478715311699489032

82 leviel the Skirmisher (level 4, -1/41 HPs)
             Began as a Hill Orc Fighter on Dec 20, 2021.
             Slain by a gnoll sergeant (10 damage)
             ... on level 3 of the Dungeon.
             The game lasted 00:01:42 (2459 turns).

leviel the Skirmisher (Hill Orc Fighter)            Turns: 2459, Time: 00:01:43

Health: -1/41      AC:  7    Str: 20    XL:     4   Next: 43%
Magic:  4/4        EV:  9    Int:  8    God:
Gold:   89         SH:  4    Dex: 10    Spells: 3/3 levels left

rFire   . . .      SeeInvis .   a - +0 war axe
rCold   . . .      Faith    .   c - +0 buckler
rNeg    . . .      Spirit   .   b - +0 scale mail
rPois   .          Reflect  .   (no helmet)
rElec   .          Harm     .   (no cloak)
rCorr   +          Rampage  .   (no gloves)
Will    .....                   (no boots)
Stlth   ..........              (no amulet)
HPRegen 0.13/turn               h - ring of resist corrosion
MPRegen 0.09/turn               (no ring)

@: mighty
A: no striking features
a: no special abilities


You were on level 3 of the Dungeon.
You visited 1 branch of the dungeon, and saw 3 of its levels.

You collected 89 gold pieces.

Inventory:

Hand Weapons
 a - a +0 war axe (weapon)
Armour
 b - a +0 scale mail (worn)
 c - a +0 buckler (worn)
Jewellery
 h - a ring of resist corrosion (left hand)
Wands
 k - a wand of flame (11)
 l - a wand of acid (8)
Scrolls
 e - 4 scrolls of identify {unknown}
 g - a scroll of fog {unknown}
 i - a scroll of enchant armour {unknown}
 j - a scroll of amnesia {unknown}
 n - a scroll of brand weapon {unknown}
Potions
 f - a potion of invisibility {unknown}
 m - 2 potions of magic {unknown}
 o - a potion of attraction {unknown}


   Skills:
 + Level 4.3 Fighting
 * Level 3.8 Axes
 + Level 4.0 Armour
 - Level 4.0 Shields


You had 3 spell levels left.
You didn't know any spells.
Your spell library was empty.

Dungeon Overview and Level Annotations

Branches:
Dungeon (3/15)

Altars:


Message History

A gnoll is nearby!
A gnoll is nearby!
An endoplasm and a gnoll come into view.
The gnoll shouts!
The endoplasm quivers.
A gnoll sergeant comes into view. It is wielding a +1 spear of flaming.
The gnoll sergeant shouts!
A gnoll comes into view. It is wielding a +0 halberd.
A gnoll comes into view. It is wielding a +0 halberd.
The gnoll shouts!
The gnoll hits you but does no damage.
You closely miss the gnoll. The gnoll hits you but does no damage.
You barely miss the gnoll. The gnoll closely misses you.
The gnoll closely misses you.
You feel very mighty all of a sudden. The gnoll barely misses you.
The endoplasm hits you but does no damage.
The gnoll hits you with a +0 spear. The gnoll sergeant barely misses you.
You closely miss the gnoll. You slash the endoplasm!
You kill the endoplasm!
The gnoll hits you with a +0 spear.
The gnoll sergeant hits you from afar with a +1 spear of flaming!
The gnoll sergeant burns you. The gnoll hits you but does no damage.
The gnoll sergeant hits you from afar with a +1 spear of flaming!
* * * LOW HITPOINT WARNING * * *
The gnoll sergeant burns you.
* * * LOW HITPOINT WARNING * * *
You completely miss the gnoll. You block the gnoll's attack.
You block the gnoll sergeant's attack.
You slash the gnoll!
The gnoll is heavily wounded.
The gnoll closely misses you. The gnoll sergeant barely misses you.
You slash the gnoll!
You kill the gnoll!
The gnoll sergeant closely misses you.
Training target 4.0 for Shields reached!
Your Armour skill increases to level 4!
Your Shields skill increases to level 4!
The gnoll sergeant hits you with a +1 spear of flaming!
You die...

. .## ..# #g# #g#
#g# #g# ## #@# ..
#.# .####### ###
#.# .##.##.#
#.#####.# .##....#
#.......##
.##.##.###=..†....#
.##.##......#####.#
>...........# .#
########.#### .#


You could see a gnoll sergeant and 3 gnolls.

Vanquished Creatures
  A gnoll (D:3)
  2 adders (D:2)
  A worm (D:2)
  A dart slug (D:1)
  5 ball pythons
  8 endoplasms
  2 giant cockroaches (D:1)
  4 goblins
  4 hobgoblins
  8 jackals (D:1)
  A quokka (D:1)
  3 bats
  2 frilled lizards
  A rat (D:1)
43 creatures vanquished.

Vanquished Creatures (others)
  3 fungi (D:3)
3 creatures vanquished.

Grand Total: 46 creatures vanquished

Notes
Turn   | Place    | Note
-------+----------+-------------------------------------------
     0 | D:1      | leviel the Hill Orc Fighter began the quest for the Orb.
     0 | D:1      | Reached XP level 1. HP: 19/19 MP: 1/1
     3 | D:1      | Noticed an electric eel
     4 | D:1      | Noticed an electric eel
   299 | D:1      | Reached XP level 2. HP: 21/27 MP: 2/2
   626 | D:1      | Reached XP level 3. HP: 24/33 MP: 3/3
  1434 | D:2      | Reached XP level 4. HP: 3/40 MP: 4/4
  2249 | D:3      | Found a faded altar of an unknown god.
  2448 | D:3      | Noticed a gnoll sergeant
  2459 | D:3      | Slain by a gnoll sergeant

Illustrated notes

Levels and vault maps discovered:
D:1:      arrival_aquarium_b, layout_loops_ring, dk_noncrumbling_2
D:2:      layout_basic
D:3:      minmay_diamond_boxcup, layout_loops_ring,
          shapermc_ecumenical_altar_hornbeckon, uniq_natasha

Skill      XL: |  1  2  3  4 |
---------------+-------------+-----
Axes           | 3 |  3.8
Fighting       | 4 |  4.3
Armour         | 4 |  4.0
Shields        | 4 |  4.0

Action                   |  1- 3 |  4- 6 || total
-------------------------+-------+-------++-------
Melee: War axe           |   123 |    39 ||   162
  Use: Potion            |     1 |     1 ||     2
Armor: Scale mail        |    58 |    18 ||    76
Dodge: Dodged            |    65 |    18 ||    83
Block: Buckler           |    34 |     8 ||    42

Table legend: (Time is in decaauts)
 A = Elapsed time spent in this place.
 B = Non-inter-level travel time spent in this place.
 C = Inter-level travel time spent in this place.
 D = Time resting spent in this place.
 E = Time spent auto-exploring this place.
 F = Levels seen in this place.
 G = Mean time per level.
                   A        B        C        D        E       F      G
               +--------+--------+--------+--------+--------+-----+--------+
         Total |   2518 |   2447 |     71 |    378 |   1713 |   3 |  839.3 |
       Dungeon |   2518 |   2447 |     71 |    378 |   1713 |   3 |  839.3 |
               +--------+--------+--------+--------+--------+-----+--------+

Top non-repeatable levels by time:
     D:1: 1386 daAuts
     D:2: 850 daAuts
     D:3: 281 daAuts
